 Dungeon Crawl Stone Soup version 0.19-a0-1803-g97ff39f (webtiles) character file.

8785 Naow the Severer (level 11, -5/94 HPs)
             Began as a Minotaur Berserker on Oct 5, 2016.
             Was a High Priest of Trog.
             Killed by divine providence
             ... invoked by an orc priest
              (19 damage)
             ... on level 11 of the Dungeon.
             The game lasted 00:18:35 (9182 turns).

Naow the Severer (Minotaur Berserker)               Turns: 9182, Time: 00:18:37

Health: -5/94      AC:  9    Str: 22    XL:     11   Next: 14%
Magic:  10/10      EV:  8    Int:  7    God:    Trog [*****.]
Gold:   507        SH: 14    Dex: 10    Spells: 0 memorised, 10 levels left

rFire  . . .     SeeInvis .     F - +2 hand axe (vamp)
rCold  + . .     Gourm    .     r - +2 ring mail {rC+}
rNeg   . . .     Faith    .     u - +0 large shield
rPois  .         Spirit   .     (helmet restricted)
rElec  .         Dismiss  .     (no cloak)
rCorr  .         Reflect  .     (no gloves)
MR     .....     Harm     +     R - +0 pair of boots
Stlth  +.........               T - amulet of harm
                                (no ring)
                                (no ring)

@: exhausted, slowed, drained, very slow
A: retaliatory headbutt, horns 2
a: Berserk, Trog's Hand, Brothers in Arms, Burn Spellbooks, Renounce Religion


You were on level 11 of the Dungeon.
You worshipped Trog.
Trog was extremely pleased with you.
You were very hungry.

You visited 1 branch of the dungeon, and saw 11 of its levels.
You also visited: Ossuary.

You collected 507 gold pieces.

Inventory:

Hand Weapons
 a - a +0 hand axe
 F - a +2 vampiric hand axe (weapon)
Armour
 b - a +0 animal skin
 r - a +2 ring mail of cold resistance (worn)
 u - a +0 large shield (worn)
 R - a +0 pair of boots (worn)
Jewellery
 T - an amulet of harm (around neck)
Wands
 v - a wand of flame (8/48)
 w - a wand of slowing (6/48)
 L - a wand of polymorph (12/24)
 O - a wand of lightning (3/15)
Scrolls
 e - 2 scrolls of enchant weapon {unknown}
 f - 5 scrolls of identify
 j - 9 scrolls of remove curse {unknown}
 l - a scroll of blinking {unknown}
 m - 3 scrolls of teleportation {unknown}
 n - 3 scrolls of recharging {unknown}
 o - 6 scrolls of immolation {unknown}
 s - 3 scrolls of magic mapping {unknown}
 y - 4 scrolls of random uselessness {unknown}
 H - a scroll of enchant armour {unknown}
 J - a scroll of fear {unknown}
 K - a scroll of vulnerability {unknown}
 P - a scroll of amnesia {unknown}
Potions
 d - a potion of resistance
 h - a potion of haste {unknown}
 i - 3 potions of cure mutation
 k - a potion of heal wounds
 p - a potion of cancellation
 q - 2 potions of lignification {unknown}
 t - 5 potions of agility
 x - a potion of ambrosia {unknown}
 z - a potion of curing {unknown}
 A - 3 potions of degeneration
 B - 4 potions of flight
 C - 5 potions of might
 D - a potion of berserk rage {unknown}
 I - a potion of brilliance {unknown}
 Q - a potion of mutation {unknown}
 S - a potion of magic {unknown}
Comestibles
 c - 11 bread rations
 g - 5 meat rations
 E - 4 fruits
 G - 2 slices of pizza
 M - a royal jelly
 N - a beef jerky
 U - 11 chunks of flesh


   Skills:
 - Level 7.8(7.1) Fighting
 - Level 16.4(15.5) Axes
 - Level 5.5(4.8) Armour
 - Level 5.3(4.6) Dodging
 - Level 2.3(1.7) Stealth
 + Level 4.3(3.7) Shields


You had 10 spell levels left.
You didn't know any spells.

Dungeon Overview and Level Annotations

Branches:
Dungeon (11/15)            Temple (0/1) D:4            Lair (0/6) D:8
    Orc (0/2) D:11

Altars:
Elyvilon
Gozag
Hepliaklqana
Nemelex Xobeh
Okawaru
Qazlal
Sif Muna
Vehumet
Yredelemnul
The Shining One
Beogh

Shops:
D:6 (=**}   D:8 *   D:11 [*:

Annotations:
D:8 exclusion: statue


Innate Abilities, Weirdness & Mutations

You reflexively headbutt those who attack you in melee.
You have a pair of horns on your head.


Message History

You hit the orc warrior.
You feel better.
You are no longer berserk.
You are exhausted.
You feel yourself slow down.
You are feeling very hungry.
You closely miss the orc.
You hit the orc warrior but do no damage.
You slash the orc warrior!
You feel better.
The orc warrior is almost dead.
Your shield prevents you from hitting the orc.
You hit the orc.
You feel better. You block the orc's attack. x2
Unknown command.
You closely miss the orc warrior.
The orc warrior is almost dead.
You hit the orc.
You feel better.
You hit the orc.
You feel better. You block the orc warrior's attack.
The orc hits you but does no damage. You block the orc's attack.
The orc priest invokes the aid of Beogh against you.
Beogh smites you!
You die...

......#####.########.#
......# #.########.#
.....## #..........#
....## #########..#
....# ## #..# ###.#
#### #. #..# #.#
....o#. #..# .#
...oo8o###..# .#
..ooooo@(...#
..⌠oo8o###.## ...oo#o
#.# .... #. #.# >._ #.
#.. .) #. ... . #.
...# 8. ..#


You could see 2 orc warriors, an orc priest and 12 orcs.

Vanquished Creatures
  The ghost of Naow the Severer, a novice MiBe of Trog (D:8)
  A hill giant (D:9)
  An ugly thing (D:11)
  A deep elf mage (D:10)
  The ghost of cortexin the Covert, a novice SpAK of Lugonu (Ossuary)
  A troll (D:9)
  A two-headed ogre (D:11)
  A wraith (D:10)
  A wyvern (D:10)
  Sigmund (D:2)
  2 hungry ghosts (D:8)
  Edmund (D:6)
  3 ice beasts
  5 orc warriors
  2 sky beasts
  A necrophage (D:10)
  3 phantoms
  9 ogres
  5 centaurs
  2 big kobolds
  Blork the orc (D:6)
  5 bullfrogs
  A wyvern zombie (D:6)
  2 scorpions
  6 killer bees (D:8)
  3 howler monkeys
  6 crimson imps
  2 bullfrog zombies
  2 centaur zombies
  6 hounds
  4 jellies
  17 orc wizards
  5 orc priests
  3 bullfrog skeletons
  A centaur skeleton (D:6)
  An iron imp (D:9)
  3 iguanas
  3 worker ants
  2 big kobold zombies (Ossuary)
  4 mummies (Ossuary)
  A hound zombie (D:9)
  A hound skeleton (D:6)
  2 worker ant zombies
  4 gnolls (D:10)
  3 river rats (D:8)
  9 adders
  2 oozes (D:2)
  2 adder skeletons
  2 worms
  3 dart slugs
  6 leopard geckos
  43 orcs
  4 giant cockroaches
  7 goblins
  3 hobgoblins
  4 quokkas
  A ball python (D:3)
  A ball python skeleton (D:5)
  11 bats
  A frilled lizard (D:1)
  A goblin skeleton (D:9)
  3 goblin zombies
  2 hobgoblin zombies (D:9)
  17 kobolds
  A kobold skeleton (D:9)
  2 kobold zombies
  A leopard gecko skeleton (D:4)
  2 orc zombies (Ossuary)
  2 quokka skeletons
  9 rats
  A spectral orc (D:4)
  12 fungi (D:8)
  7 plants (D:8)
290 creatures vanquished.

Vanquished Creatures (others)
  A fungus (D:8)
1 creature vanquished.

Grand Total: 291 creatures vanquished

Notes
Turn   | Place    | Note
-------+----------+-------------------------------------------
     0 | D:1      | Naow the Minotaur Berserker began the quest for the Orb.
     0 | D:1      | Reached XP level 1. HP: 19/19 MP: 0/0
   297 | D:1      | Reached XP level 2. HP: 21/27 MP: 1/1
   642 | D:1      | Reached skill level 4 in Axes
   906 | D:2      | Reached ** piety under Trog
  1049 | D:2      | Reached XP level 3. HP: 25/33 MP: 2/2
  1126 | D:2      | Found an iron altar of Okawaru.
  1796 | D:2      | Noticed Sigmund
  1808 | D:2      | Killed Sigmund
  1808 | D:2      | Reached skill level 5 in Fighting
  1808 | D:2      | Reached skill level 5 in Axes
  1808 | D:2      | Reached skill level 1 in Stealth
  1808 | D:2      | Reached XP level 4. HP: 12/42 MP: 3/3
  1808 | D:2      | Reached XP level 5. HP: 14/48 MP: 4/4
  2134 | D:2      | Found a sparkling altar of Nemelex Xobeh.
  2205 | D:3      | Found a white marble altar of Elyvilon.
  2312 | D:3      | Reached XP level 6. HP: 50/56 MP: 5/5
  2381 | D:3      | Found a hazy altar of Hepliaklqana.
  2604 | D:4      | Reached skill level 6 in Axes
  2712 | D:4      | Found a basalt altar of Yredelemnul.
  3009 | D:4      | Found a staircase to the Ecumenical Temple.
  3465 | D:4      | Reached XP level 7. HP: 51/62 MP: 6/6
  3483 | D:4      | Reached *** piety under Trog
  3567 | D:4      | Reached skill level 7 in Axes
  3677 | D:5      | Entered Level 5 of the Dungeon
  3679 | D:5      | Found a sand-covered staircase.
  3748 | Ossuary  | Entered an ossuary
  3751 | Ossuary  | Noticed cortexin's ghost (novice SpAK)
  3768 | Ossuary  | Killed cortexin's ghost
  3768 | Ossuary  | Reached skill level 5 in Armour
  3768 | Ossuary  | Reached XP level 8. HP: 71/71 MP: 7/7
  3908 | Ossuary  | Reached skill level 8 in Axes
  4204 | D:5      | Reached skill level 5 in Dodging
  4631 | D:6      | Noticed Blork the orc
  4639 | D:6      | Killed Blork the orc
  4698 | D:6      | Reached skill level 9 in Axes
  4837 | D:6      | Noticed Edmund
  4840 | D:6      | Reached **** piety under Trog
  4851 | D:6      | Killed Edmund
  4851 | D:6      | Reached XP level 9. HP: 72/81 MP: 8/8
  4890 | D:6      | Found Budommau's Assorted Antiques.
  4899 | D:6      | Reached skill level 10 in Axes
  4921 | D:6      | Found Gepsapomm's Gadget Shoppe.
  5116 | D:6      | Found Toffam's Jewellery Boutique.
  5161 | D:6      | Found Nanof's Weapon Boutique.
  5253 | D:6      | Found Ydexadd's General Store.
  5594 | D:7      | Found a stormy altar of Qazlal.
  5631 | D:7      | Found a deep blue altar of Sif Muna.
  5639 | D:7      | Found an opulent altar of Gozag.
  5643 | D:7      | You fall through a shaft for 3 floors!
  5643 | D:10     | Entered Level 10 of the Dungeon
  5653 | D:10     | Reached skill level 11 in Axes
  5957 | D:10     | Reached skill level 12 in Axes
  5964 | D:10     | Noticed a deep elf mage
  5979 | D:10     | Killed a deep elf mage
  6059 | D:10     | Reached skill level 13 in Axes
  6103 | D:10     | Reached ***** piety under Trog
  6148 | D:8      | Reached XP level 10. HP: 78/88 MP: 9/9
  6210 | D:8      | Found a radiant altar of Vehumet.
  6310 | D:8      | Found a staircase to the Lair.
  6383 | D:8      | Received a gift from Trog
  6590 | D:7      | Reached skill level 14 in Axes
  6946 | D:8      | Noticed Naow's ghost (novice MiBe)
  6974 | D:8      | Killed Naow's ghost
  7060 | D:8      | Found Qunyut's Assorted Antiques.
  7135 | D:8      | Found a sparkling altar of Nemelex Xobeh.
  7220 | D:8      | Reached skill level 15 in Axes
  7802 | D:9      | Found a glowing golden altar of the Shining One.
  8046 | D:9      | Noticed a hill giant
  8058 | D:9      | Killed a hill giant
  8058 | D:9      | Reached skill level 16 in Axes
  8763 | D:10     | Reached XP level 11. HP: 82/94 MP: 10/10
  8767 | D:10     | Reached skill level 1 in Shields
  8969 | D:11     | Found Xutuam's General Store.
  9005 | D:11     | Found Ceematam's Antique Armour Shop.
  9051 | D:11     | Found Kidasude's Book Boutique.
  9127 | D:11     | Noticed a purple ugly thing
  9151 | D:11     | Killed a purple ugly thing
  9175 | D:11     | Found a roughly hewn altar of Beogh.
  9175 | D:11     | Found a staircase to the Orcish Mines.
  9178 | D:11     | HP: 3/141 [orc warrior/war axe (18)]
  9182 | D:11     | Killed from afar by an orc priest

Vault maps used:
D:1:      sevenhm_arrival_forest_fort_small_4
D:2:      overflow_temple_1_default, nemelex_dance_club_becter, uniq_sigmund
D:3:      overflow_temple_1_default, old_standard_altar, first_bread,
          hangedman_decor_growths
D:4:      yredelemnul_forgotten_temple_becter, minivault_27
D:5:      enter_ossuary_3
D:6:      serial_shops, shop, shop, kennysheep_mini_moat, nicolae_shop_stone,
          nicolae_shop_stone, uniq_blork_the_orc, uniq_edmund
D:7:      grunt_qazlal_clouds, grunt_temple_overflow_open
D:8:      vehumet_statue, nemelex_xobeh_ov_fountains_minmay,
          due_lair_maze_entry_diamond, serial_shops, nicolae_shop_trees
D:9:      nicolae_tso_besieged_by_evil, serial_glass, glass_columns_b,
          glass_columns_a, glass_columns_a, glass_columns_b, glass_columns_a,
          glass_columns_a, glass_columns_c, glass_columns_a, glass_columns_a,
          glass_columns_a, glass_columns_b, glass_columns_b, glass_columns_b,
          glass_columns_c
D:11:     david_orc_5, serial_shops, nicolae_shop_behind_doors, shop, shop,
          nicolae_shop_waterfront, portal_ice_cave_entry_ice_beasts, basic_altar
Ossuary:  ossuary_crypta

Skill      XL: |  1  2  3  4  5  6  7  8  9 10 11 |
---------------+----------------------------------+-----
Axes           | 4 5 6 7 9 13 16 | 16.4
Fighting       | 4 5 6 7 |  7.8
Armour         | 3 5 |  5.5
Dodging        | 3 4 5 |  5.3
Stealth        | 1 2 |  2.3
Shields        | 4 |  4.3

Action                   |  1- 3 |  4- 6 |  7- 9 | 10-12 || total
-------------------------+-------+-------+-------+-------++-------
Melee: Hand axe          |    83 |    97 |   393 |   494 ||  1067
       Headbutt          |    10 |    13 |    79 |   106 ||   208
Invok: Berserk           |     2 |     1 |     2 |     3 ||     8
       Trog's Hand       |       |     1 |     1 |     2 ||     4
  Use: Scroll            |       |       |     8 |       ||     8
       Potion            |       |       |       |     1 ||     1
 Stab: Sleeping          |     1 |     1 |     1 |     3 ||     6
       Distracted        |       |       |     1 |       ||     1
  Eat: Chunk             |     4 |     7 |     9 |    11 ||    31
       Meat ration       |       |       |     1 |     1 ||     2
       Royal jelly       |       |       |     1 |       ||     1
Armor: Animal skin       |    18 |     1 |       |       ||    19
       Ring mail         |       |    14 |    89 |    66 ||   169
Dodge: Dodged            |    62 |    75 |    84 |    80 ||   301
Block: Large shield      |       |       |   122 |   198 ||   320
